 Dungeon Crawl Stone Soup version 0.29.1-1-gd02db6906a (webtiles) character file.

Game seed: 11361999875430548809

175 Anriel the Poker (level 5, -11/40 HPs)
             Began as a Demonspawn Gladiator on Oct 12, 2022.
             Killed from afar by an electric eel (15 damage)
             ... with a bolt of electricity
             ... on level 3 of the Dungeon.
             The game lasted 00:19:06 (2119 turns).

Anriel the Poker (Demonspawn Gladiator)             Turns: 2119, Time: 00:19:07

Health: -11/40     AC:  8    Str: 16    XL:     5   Next: 29%
Magic:  5/5        EV: 11    Int: 10    God:
Gold:   201        SH:  0    Dex: 17    Spells: 4/4 levels left

rFire   + . .      SeeInvis .   g - +8 trident of the Swamp {elec, +Blink Dex+3}
rCold   . . .      Faith    .   (no shield)
rNeg    . . .      Spirit   .   l - +0 scale mail
rPois   .          Reflect  .   (helmet restricted)
rElec   .          Harm     .   (no cloak)
rCorr   .          Rampage  .   (no gloves)
Will    .....                   (no boots)
Stlth   ..........              (no amulet)
HPRegen 0.13/turn               j - ring of protection from fire
MPRegen 0.09/turn               (no ring)

@: mighty
A: horns 1, molten scales 1, demonic magic 1
a: Evoke Blink


You were on level 3 of the Dungeon.
You visited 1 branch of the dungeon, and saw 3 of its levels.

You collected 201 gold pieces.

Inventory:

Hand Weapons
 a - a +1 trident
 g - the +8 trident of the Swamp (weapon) {elec, +Blink Dex+3}
   (You found it on level 2 of the Dungeon)

   It occasionally discharges a powerful burst of electricity upon striking a
   foe.
   Dex:       It affects your dexterity (+3).
   +Blink:    It lets you blink.
Missiles
 d - 3 throwing nets (quivered)
 e - a javelin
Armour
 l - a +0 scale mail (worn)
Magical Staves
 b - a staff of earth
Jewellery
 j - a ring of protection from fire (left hand)
Wands
 c - a wand of flame (7)
Scrolls
 i - 7 scrolls of teleportation
 k - 2 scrolls of identify
Potions
 f - a potion of might


   Skills:
 + Level 2.9 Fighting
 + Level 4.3 Polearms
 + Level 1.8 Throwing
 + Level 1.1 Armour
 * Level 3.4 Dodging
 + Level 0.1 Stealth


You had 4 spell levels left.
You didn't know any spells.
Your spell library contained the following spells:

 Spells                   Type           Power      Damage    Failure   Level
 Freeze                   Ice            0%         1d3       80%         1
 Frozen Ramparts          Ice            0%         1d1       99%         3
 Hailstorm                Conj/Ice       0%         3d3       100%        4
 Alistair's Intoxication  Tmut/Pois      0%         N/A       100%        5
 Borgnjor's Vile Clutch   Necr/Erth      0%         N/A       100%        5
 Eringya's Noxious Bog    Tmut/Pois      0%         N/A       100%        6


Dungeon Overview and Level Annotations

Branches:
Dungeon (3/15)

Altars:

Annotations:
D:3 1 transporter


Innate Abilities, Weirdness & Mutations

You have a pair of small horns on your head.
You are partially covered in molten scales. (AC +2)
Spells you cast may paralyse adjacent enemies.


Message History

The adder is heavily wounded.
The adder bites you. The adder closely misses you.
You puncture the adder! Lightning courses through the adder!!
You kill the adder!
You now have 201 gold pieces (gained 6).
You open the door.
There is an open door here.
HP restored.
There is an open door here.
Found an escape hatch in the ceiling.
There is an escape hatch in the ceiling here.
Partly explored, unvisited transporter.
You see here a +0 mace.
There is a transporter here.
You enter the transporter and appear at another place.
c - a wand of flame (7)
i - 7 scrolls of teleportation (gained 1)
Okay, then.
As you read the scroll labelled QUMIDI GIMAGO, it crumbles to dust.
The scroll dissolves into smoke.
It was a scroll of fog.
You feel very mighty all of a sudden.
You open the door.
The electric eel shoots out a bolt of lightning at you!
The bolt of electricity hits you.
There is an open door here.
Reach: g) +8 trident of the Swamp {elec, +Blink Dex+3}
Press: ? - help, Dir - move target, f - electric eel
Aim: an electric eel (about 44% to evade the +8 trident of the Swamp)
You reach to attack!
You miss the electric eel.
The electric eel shoots out a bolt of lightning at you!
The bolt of electricity hits you! x2; The bolt of electricity hits the plant!
The plant begins to die.
The electric eel shoots out a bolt of lightning at you!
The bolt of electricity hits you!
* * * LOW HITPOINT WARNING * * *
The bolt of electricity hits the plant!
The plant begins to die.
The bolt of electricity hits the plant.
The electric eel shoots out a bolt of lightning at you!
The bolt of electricity hits you!
You die...

##########
###################....#...#
##.....[...>............'.(.#
........................#...#
###.###############.....#####
##.#8P#~~~~~~S#P8#........#
##..#..#~P~~~..#§§#...#'####
#..©#©?+PPP♣S..§§§#©..#.#
....#..#~~~~~..#@§#..##.#
.##.#8P#~~~~~SS#P8#)###.#
.##.###############.#..>#
..#.................#.#.#
....................#.#.#
......###...#...#.#...#.#
#.....###.).#.#.#.....#.##
........'...'...#.#......##
.########...##.##.#.......#


You could see 4 electric eels.

Vanquished Creatures
  An orc priest (D:3)
  An iguana (D:2)
  4 adders
  A worm (D:2)
  2 dart slugs
  5 orcs (D:3)
  6 bats
  8 endoplasms
  2 giant cockroaches
  7 goblins
  11 hobgoblins
  8 kobolds
  8 ball pythons
  3 rats
67 creatures vanquished.

Notes
Turn   | Place    | Note
-------+----------+-------------------------------------------
     0 | D:1      | Anriel the Demonspawn Gladiator began the quest for the
                  | Orb.
     0 | D:1      | Reached XP level 1. HP: 16/16 MP: 1/1
   197 | D:1      | Gained mutation: You are partially covered in molten
                  | scales. (AC +2) [demonic ancestry]
   197 | D:1      | Reached XP level 2. HP: 22/22 MP: 2/2
   209 | D:1      | Reached skill level 3 in Polearms
   465 | D:1      | Gained mutation: Spells you cast may paralyse adjacent
                  | enemies. [demonic ancestry]
   465 | D:1      | Reached XP level 3. HP: 28/28 MP: 3/3
   949 | D:2      | Found a faded altar of an unknown god.
  1191 | D:2      | Identified the +8 trident of the Swamp {elec, +Blink Dex+3}
  1219 | D:2      | Reached XP level 4. HP: 16/34 MP: 4/4
  1402 | D:3      | Found a transporter.
  1474 | D:3      | Found a transporter.
  1711 | D:3      | Reached skill level 4 in Polearms
  1711 | D:3      | Reached skill level 1 in Armour
  1711 | D:3      | Gained mutation: You have a pair of small horns on your
                  | head. [demonic ancestry]
  1711 | D:3      | Reached XP level 5. HP: 18/40 MP: 5/5
  2119 | D:3      | Killed from afar by an electric eel

Illustrated notes

Levels and vault maps discovered:
D:1:      mrwooster_arrival_arrow, layout_loops_ring, st_stairs_11
D:2:      layout_rooms, chequers_ecumenical_altar_island
D:3:      gammafunk_steamed_eel, layout_basic, grunt_ministairs_3,
          eino_tiny_chamber

Skill      XL: |  1  2  3  4 |
---------------+-------------+-----
Polearms       | 3 4 |  4.3
Dodging        | 3 |  3.4
Armour         | 1 |  1.1
Fighting       | |  2.9
Throwing       | |  1.8
Stealth        | |  0.1

Action                   |  1- 3 |  4- 6 || total
-------------------------+-------+-------++-------
Melee: Trident           |   134 |    64 ||   198
       Punch             |     1 |       ||     1
       Headbutt          |       |     3 ||     3
  Use: Potion            |     1 |     2 ||     3
       Scroll            |     7 |     1 ||     8
Armor: Leather armour    |    11 |       ||    11
       Ring mail         |    22 |    14 ||    36
       Skin              |       |     5 ||     5
       Scale mail        |       |     2 ||     2
Dodge: Dodged            |    73 |    21 ||    94
